 Dungeon Crawl Stone Soup version 0.23.2-33-g5129a83 (webtiles) character file.

Game seed: 17584546674027395720

4823 Fortress the Fighter (level 10, 0/96 HPs)
             Began as a Deep Dwarf Berserker on June 29, 2019.
             Was an Elder of Trog.
             Slain by a seven-headed hydra (4 damage)
             ... on level 1 of the Lair of Beasts.
             The game lasted 00:43:14 (6621 turns).

Fortress the Fighter (Deep Dwarf Berserker)         Turns: 6621, Time: 00:43:17

Health: 0/96       AC: 10    Str: 26    XL:     10   Next: 25%
Magic:  10/10      EV: 13    Int: 15    God:    Trog [****..]
Gold:   258        SH:  0    Dex: 15    Spells: 9/9 levels left

rFire    + . .     SeeInvis +   t - +8 flail of Guilt {elec, rN+ Str-3 Int+6 SInv}
rCold    . . .     Gourm    .   (no shield)
rNeg     + . .     Faith    .   l - +2 leather armour {rF+}
rPois    +         Spirit   .   b - +1 helmet
rElec    .         Reflect  .   A - +0 cloak
rCorr    .         Harm     .   B - +0 pair of gloves
MR       ++...                  (no boots)
Stlth    +.........             (no amulet)
HPRegen  0.00/turn              w - ring of the Coward {rPois Str+4 Int+2}
MPRegen  0.12/turn              N - ring "Onkesui Zouv" {MR+ Dex+3}

@: non-regenerating
A: damage resistance, heal wounds, sense surroundings 2, no regeneration
a: Heal Wounds, Berserk, Trog's Hand, Brothers in Arms, Renounce Religion


You were on level 1 of the Lair of Beasts.
You worshipped Trog.
Trog was greatly pleased with you.
You were very hungry.

You visited 3 branches of the dungeon, and saw 10 of its levels.

You collected 522 gold pieces.
You spent 264 gold pieces at shops.

Inventory:

Hand Weapons
 a - a +1 dagger of venom
 i - a +2 mace of holy wrath
 t - the +8 flail of Guilt (weapon) {elec, rN+ Str-3 Int+6 SInv}
   (You found it on level 5 of the Dungeon)

   Occasionally, upon striking a foe, it will discharge some electrical energy
   and cause terrible harm.
   It affects your strength (-3).
   It affects your intelligence (+6).
   It protects you from negative energy.
   It lets you see invisible.
 y - a +0 hunting sling
 z - a +2 short sword of flaming
Missiles
 j - 275 stones (quivered)
 u - 33 poisoned needles
 S - 22 sling bullets
Armour
 b - a +1 helmet (worn)
 l - a +2 leather armour of fire resistance (worn)
 A - a +0 cloak (worn)
 B - a +0 pair of gloves (worn)
Jewellery
 m - an uncursed ring of protection from magic
 o - an uncursed amulet of guardian spirit {unknown}
 p - an uncursed ring of stealth
 q - an uncursed ring of protection from cold {unknown}
 w - the ring of the Coward (left hand) {rPois Str+4 Int+2}
   (You found it on level 4 of the Dungeon)

   [ring of poison resistance]

   It affects your strength (+4).
   It affects your intelligence (+2).
   It protects you from poison.
 D - a cursed ring of teleportation {unknown}
 G - a cursed ring of teleportation {unknown}
 N - the ring "Onkesui Zouv" (right hand) {MR+ Dex+3}
   (You found it on level 8 of the Dungeon)

   [ring of dexterity]

   It affects your dexterity (+3).
   It affects your resistance to hostile enchantments.
 O - a +3 ring of protection {unknown}
Wands
 x - a wand of polymorph (7)
 I - a wand of flame (27)
 K - a wand of iceblast (6)
 L - a wand of paralysis (8)
 P - a wand of acid (7)
Scrolls
 d - 3 scrolls of remove curse
 e - 3 scrolls of identify
 h - 2 scrolls of fear
 n - 3 scrolls of enchant armour
 s - a scroll of fog
 v - 6 scrolls of teleportation
 F - 2 scrolls of immolation
 H - a scroll of blinking
 Q - a scroll of enchant weapon
Potions
 f - 4 potions of flight
 g - 2 potions of curing
 k - a potion of cancellation
 r - a potion of brilliance
 C - a potion of berserk rage {unknown}
 E - a potion of might {unknown}
 J - a potion of agility
 M - a potion of mutation {unknown}
 R - 2 potions of haste {unknown}
Comestibles
 c - 20 rations


   Skills:
 + Level 8.2 Fighting
 - Level 5.8 Short Blades
   Level 4.5(6.7) Axes
 - Level 7.0(7.5) Maces & Flails
 - Level 6.0 Armour
 - Level 3.4 Dodging
 - Level 0.5 Stealth
 * Level 6.2 Evocations


You had 9 spell levels left.
You didn't know any spells.
Your spell library was empty.

Dungeon Overview and Level Annotations

Branches:
Dungeon (8/15)             Temple (1/1) D:4            Lair (1/6) D:8

Altars:
Ashenzari
Cheibriados
Dithmenos
Elyvilon
Fedhas
Gozag
Hepliaklqana
Kikubaaqudgha
Makhleb
Nemelex Xobeh
Okawaru
Qazlal
Ru
Sif Muna
Trog
Uskayaw
Vehumet
Wu Jian
Xom
Yredelemnul
Zin
The Shining One

Shops:
D:7 [*

Annotations:
D:5 Sigmund
D:6 1 runed translucent door, buriedalive's ghost, novice DECj
D:8 Harold


Innate Abilities, Weirdness & Mutations

You are resistant to damage.
You can heal yourself by infusing magical energy.
You passively map the area around you.
You do not regenerate.


Message History

The seven-headed hydra bites you!
You thump the seven-headed hydra!
The seven-headed hydra is almost dead.
You are feeling very hungry.
The seven-headed hydra bites you!
* * * LOW HITPOINT WARNING * * *
The seven-headed hydra bites you.
* * * LOW HITPOINT WARNING * * *
The seven-headed hydra completely misses you.
The seven-headed hydra bites you but does no damage. x3
The seven-headed hydra bites you.
* * * LOW HITPOINT WARNING * * *
You fail to use your ability.
The seven-headed hydra bites you!
* * * LOW HITPOINT WARNING * * *
The seven-headed hydra bites you!
* * * LOW HITPOINT WARNING * * *
The seven-headed hydra bites you!
* * * LOW HITPOINT WARNING * * *
The seven-headed hydra bites you.
You die...

........,,...................
........ ....................
........,....................,,
........,....................
........ .................... ,
........ ....................,
, .#...... ....................
, , ##......
..[................. .....,
......D@............ , , . ....
,.......$............, P. ,...
...####............. ,* .., *
#..##......... , * * , *,..##
#..###^ ,, , .##. ### * ,,, ,,
, , *## # * , , , ,, ,, * , ,,
, , , , * * * , , , ,


You could see a seven-headed hydra.

Vanquished Creatures
  Prince Ribbit (D:7)
  2 hippogriffs
  A yak (D:8)
  A human (D:8)
  A hungry ghost (D:7)
  3 hogs (D:8)
  Duvessa (D:5)
  2 water moccasins
  A porcupine (Lair:1)
  An orc warrior (D:7)
  2 phantoms (D:6)
  4 ice beasts
  An ogre (D:8)
  3 centaurs
  A big kobold (D:8)
  A gnoll sergeant (D:7)
  5 bullfrogs
  Dowan (D:5)
  3 scorpions
  3 howler monkeys (D:8)
  A crimson imp (D:7)
  2 bullfrog zombies
  A jelly (D:7)
  4 orc priests
  A gnoll shaman (D:4)
  5 hounds
  2 quasits
  Crazy Yiuf (D:7)
  9 orc wizards
  3 iguanas
  5 worker ants
  A hound skeleton (D:4)
  3 howler monkey skeletons
  4 adders
  7 gnolls
  3 shadow imps
  An ooze (D:1)
  An adder zombie (D:5)
  2 adder skeletons
  5 worms
  2 dart slugs
  5 leopard geckos
  37 orcs
  8 bats
  5 giant cockroaches
  8 goblins
  6 hobgoblins
  17 jackals
  17 kobolds
  4 quokkas
  2 ball pythons
  5 frilled lizards
  2 jackal skeletons (D:4)
  2 quokka zombies
  9 rats
228 creatures vanquished.

Notes
Turn   | Place    | Note
-------+----------+-------------------------------------------
     0 | D:1      | Fortress the Deep Dwarf Berserker began the quest for the
                  | Orb.
     0 | D:1      | Reached XP level 1. HP: 20/20 MP: 1/1
   146 | D:1      | Reached skill level 3 in Fighting
   223 | D:1      | Reached XP level 2. HP: 25/28 MP: 2/2
   589 | D:1      | Reached XP level 3. HP: 34/34 MP: 3/3
   968 | D:2      | Noticed a +0 hand axe
   968 | D:2      | Noticed a +0 hand axe
   969 | D:2      | Found a hide-covered altar of Uskayaw.
   975 | D:2      | Reached ** piety under Trog
  1083 | D:2      | Reached XP level 4. HP: 33/42 MP: 4/4
  1522 | D:3      | Found a hazy altar of Hepliaklqana.
  1799 | D:3      | Reached XP level 5. HP: 33/49 MP: 5/5
  1862 | D:3      | Found a deep blue altar of Sif Muna.
  2289 | D:4      | Reached skill level 1 in Short Blades
  2314 | D:4      | Reached *** piety under Trog
  2322 | D:4      | Reached XP level 6. HP: 19/57 MP: 6/6
  2679 | D:4      | Found a staircase to the Ecumenical Temple.
  2690 | Temple   | Entered the Ecumenical Temple
  2912 | D:4      | Reached skill level 4 in Fighting
  2916 | D:4      | Got a faintly glowing ivory ring
  2917 | D:4      | Identified the ring of the Coward {rPois Str+4 Int+2} (You
                  | found it on level 4 of the Dungeon)
  3124 | D:4      | Got a brightly glowing robe
  3135 | D:4      | Identified the +1 robe of the Armadillo {-Cast rElec rC-
                  | Regen+} (You found it on level 4 of the Dungeon)
  3268 | D:5      | Entered Level 5 of the Dungeon
  3274 | D:5      | Reached XP level 7. HP: 55/64 MP: 7/7
  3440 | D:5      | Noticed Sigmund
  3553 | D:5      | Reached skill level 5 in Armour
  3684 | D:5      | Reached **** piety under Trog
  3687 | D:5      | Got a crystal flail
  3687 | D:5      | Noticed Duvessa
  3689 | D:5      | Identified the +8 flail of Guilt {elec, rN+ Str-3 Int+6
                  | SInv} (You found it on level 5 of the Dungeon)
  3689 | D:5      | Noticed Dowan
  3701 | D:5      | Killed Duvessa
  3706 | D:5      | Killed Dowan
  3706 | D:5      | Reached skill level 5 in Short Blades
  3859 | D:5      | Reached XP level 8. HP: 61/73 MP: 8/8
  3922 | D:5      | Found a bloodstained altar of Trog.
  4261 | D:6      | Reached skill level 1 in Maces & Flails
  4277 | D:6      | Found a stormy altar of Qazlal.
  4283 | D:6      | Found a blossoming altar of Fedhas.
  4483 | D:6      | Found a basalt altar of Yredelemnul.
  4486 | D:6      | Noticed a profane servitor
  4558 | D:6      | Reached skill level 5 in Fighting
  4585 | D:6      | Found a runed translucent door.
  4587 | D:6      | Noticed buriedalive's ghost (novice DECj)
  4587 | D:6      | Noticed a troll
  4617 | D:6      | Found a glowing golden altar of the Shining One.
  4792 | D:6      | Noticed an angel
  4939 | D:7      | Reached skill level 5 in Maces & Flails
  4939 | D:7      | Gained mutation: You passively map the area around you.
                  | [Deep Dwarf growth]
  4939 | D:7      | Reached XP level 9. HP: 67/81 MP: 7/7
  5004 | D:7      | Found a burning altar of Makhleb.
  5117 | D:7      | Found Kuifowk's General Store.
  5121 | D:7      | Bought a potion of agility for 44 gold pieces
  5121 | D:7      | Bought a wand of iceblast (6) for 110 gold pieces
  5121 | D:7      | Bought a wand of paralysis (8) for 110 gold pieces
  5136 | D:7      | Noticed Prince Ribbit
  5145 | D:7      | Killed Prince Ribbit
  5303 | D:7      | Reached skill level 6 in Fighting
  5512 | D:7      | Found a runed translucent door.
  5513 | D:7      | Noticed Crazy Yiuf
  5519 | D:7      | Killed Crazy Yiuf
  5608 | D:7      | Found Dasywn's Armour Boutique.
  5693 | D:8      | Got a faintly glowing tin ring
  5695 | D:8      | Identified the ring "Onkesui Zouv" {MR+ Dex+3} (You found
                  | it on level 8 of the Dungeon)
  5715 | D:8      | Found a staircase to the Lair.
  5778 | D:8      | Reached skill level 1 in Evocations
  5825 | D:8      | Noticed Harold
  5999 | D:8      | Reached ***** piety under Trog
  6007 | D:8      | Reached skill level 7 in Fighting
  6267 | D:8      | Reached skill level 5 in Evocations
  6267 | D:8      | Reached XP level 10. HP: 51/94 MP: 11/11
  6370 | D:8      | Found a sparkling altar of Nemelex Xobeh.
  6459 | Lair:1   | Entered Level 1 of the Lair of Beasts
  6532 | Lair:1   | Reached skill level 8 in Fighting
  6608 | Lair:1   | Noticed a seven-headed hydra
  6621 | Lair:1   | HP: 4/96 [seven-headed hydra (8)]
  6621 | Lair:1   | Slain by a seven-headed hydra

Skill      XL: |  1  2  3  4  5  6  7  8  9 10 |
---------------+-------------------------------+-----
Fighting       | 3 4 5 7 8 |  8.2
Axes           | 4 |  4.5
Armour         | 3 4 5 6 |  6.0
Dodging        | 3 |  3.4
Short Blades   | 1 3 5 |  5.8
Maces & Flails | 5 7 |  7.0
Evocations     | 5 6 |  6.2
Stealth        | |  0.5

Action                   |  1- 3 |  4- 6 |  7- 9 | 10-12 || total
-------------------------+-------+-------+-------+-------++-------
Melee: Hand axe          |   132 |    80 |       |       ||   212
       Short sword       |       |   188 |    90 |       ||   278
       Flail             |       |       |   244 |    33 ||   277
Invok: Trog's Hand       |       |       |     3 |     1 ||     4
 Abil: Heal Wounds       |     1 |     3 |     7 |     5 ||    16
  Use: Scroll            |       |    12 |     4 |       ||    16
 Stab: Sleeping          |       |       |     1 |       ||     1
  Eat: Ration            |       |     1 |       |       ||     1
       Chunk             |       |     4 |    13 |     1 ||    18
Armor: Animal skin       |     5 |       |       |       ||     5
       Scale mail        |    16 |       |       |       ||    16
       Chain mail        |    47 |   161 |       |       ||   208
       Leather armour    |       |       |   133 |    24 ||   157
Dodge: Dodged            |    75 |   142 |   277 |    42 ||   536
